 Dungeon Crawl Stone Soup version 0.17.0-24-gcfadda4 (webtiles) character file.

210 M4edhros the Charlatan (level 5, 0/33 HPs)
             Began as an Octopode Artificer on Nov 16, 2015.
             Was a Follower of Okawaru.
             Killed from afar by an orc wizard (7 damage)
             ... with a puff of flame
             ... on level 3 of the Dungeon.
             The game lasted 00:03:50 (2075 turns).

M4edhros the Charlatan (Octopode Artificer)         Turns: 2075, Time: 00:03:53

Health: 0/33       AC:  1    Str: 11    XL:     5   Next: 88%
Magic:  9/9        EV: 12    Int: 14    God:    Okawaru [*.....]
Gold:   90         SH:  0    Dex: 13    Spells: 0 memorised, 4 levels left

rFire  . . .     SeeInvis .     o - +4 short sword (venom)
rCold  . . .     Clarity  .     (no shield)
rNeg   . . .     SustAt   .     (helmet restricted)
rPois  .         Gourm    .     (no amulet)
rElec  .         Spirit   .     (no ring)
rCorr  .         Warding  .     (no ring)
rMut   .         Stasis   .     (no ring)
MR     .....                    (no ring)
Stlth  ++........               (no ring)
                                (no ring)
                                (no ring)
                                (no ring)

@: confused, not resistant to hostile enchantments, unstealthy
A: almost no armour, amphibious, 8 rings, constrict 8, tentacle spike 1,
camouflage 1, gelatinous body 1
a: Heroism, Renounce Religion


You were on level 3 of the Dungeon.
You worshipped Okawaru.
Okawaru was aware of your devotion.
You were hungry.

You visited 1 branch of the dungeon, and saw 3 of its levels.

You collected 90 gold pieces.

Inventory:

Hand Weapons
 a - a +0 short sword
 f - a +0 spear
 j - a +0 hunting sling
 o - a +4 short sword of venom (weapon)
 v - a +2 great mace of protection
 w - a +0 scimitar of distortion
Missiles
 k - 23 sling bullets of frost
 t - 58 stones (quivered)
Wands
 b - a wand of flame (15)
 c - a wand of enslavement (15)
 d - a wand of random effects (14)
Scrolls
 h - 2 scrolls of recharging {unknown}
 i - 2 scrolls of enchant weapon {unknown}
 m - 3 scrolls of identify {unknown}
 p - a scroll of teleportation {unknown}
 r - 2 scrolls of enchant armour
 x - a scroll of blinking {unknown}
Potions
 l - a potion of might
 u - a potion of invisibility {unknown}
Comestibles
 e - 2 bread rations
 g - a beef jerky
 n - a meat ration
 s - 4 fruits


   Skills:
 - Level 1.0 Fighting
 - Level 1.0 Short Blades
 - Level 0.2 Polearms
 * Level 1.8 Slings
 + Level 2.5 Dodging
 * Level 4.1 Stealth
 * Level 5.4 Evocations


You had 4 spell levels left.
You didn't know any spells.

Dungeon Overview and Level Annotations

Branches:
Dungeon (3/15)

Altars:
Okawaru
Sif Muna


Innate Abilities, Weirdness & Mutations

You cannot wear most types of armour.
You are amphibious.
You can wear up to eight rings at the same time.
You can use your tentacles to constrict eight enemies at once.
Your skin changes colour to match your surroundings (Stealth).
Your rubbery body absorbs attacks (AC +1).
One of your tentacles bears a spike.


Message History

You are confused.
You closely miss something.
You hear some strange, mumbled words.
A magic dart appears from out of thin air!
The magic dart hits you!
You completely miss something. Your squeeze misses something.
Something hits you.
You bump into the rock wall.
You hear some strange, mumbled words.
Something tries to affect you, but you resist.
You hit something. Your squeeze misses something. Something hits you.
* * * LOW HITPOINT WARNING * * *
Drink which item? (? for menu, Esc to quit)
It was a potion of beneficial mutation.
One of your lower tentacles grows a sharp spike.
You feel fantastic!
You hear some strange, mumbled words.
A puff of flame appears from out of thin air!
The puff of flame hits you!
You die...

#.# #.# #.###.# #...#.#
###.#.# .#
###.)..####...#.
#...........# .#
#.#....#######.# #.##.#.#
##.## #<##.#.######@..#.#
#.##.#.......{....#.
#.##.########...###.#
#.##.# ##....#.# #.##.#
###.#.# #### #.##.# #.#.#
#... #># #.#.# #... #.#
######†#.#######.##
#.#######....#...........#


There were no monsters in sight!

Vanquished Creatures
  A hippogriff (D:3)
  An adder (D:3)
  An ooze (D:3)
  3 worms (D:2)
  3 orcs (D:3)
  12 goblins
  6 hobgoblins
  6 jackals
  7 kobolds
  A ball python (D:3)
  3 bats
  2 giant cockroaches
  3 giant newts
  9 rats
58 creatures vanquished.

Notes
Turn   | Place    | Note
--------------------------------------------------------------
     0 | D:1      | M4edhros the Octopode Artificer began the quest for the Orb.
     0 | D:1      | Reached XP level 1. HP: 13/13 MP: 3/3
    57 | D:1      | Found an iron altar of Okawaru.
    95 | D:1      | Became a worshipper of Warmaster Okawaru
   246 | D:1      | Reached XP level 2. HP: 18/18 MP: 4/4
   325 | D:1      | Reached skill level 4 in Evocations
  1128 | D:2      | Reached XP level 3. HP: 23/23 MP: 6/6
  1642 | D:3      | Reached XP level 4. HP: 20/28 MP: 7/7
  1683 | D:3      | Found a deep blue altar of Sif Muna.
  1988 | D:3      | Noticed a hippogriff
  1999 | D:3      | Killed a hippogriff
  1999 | D:3      | Reached * piety under Okawaru
  1999 | D:3      | Reached skill level 1 in Slings
  1999 | D:3      | Reached skill level 5 in Evocations
  1999 | D:3      | Reached XP level 5. HP: 33/33 MP: 8/8
  2075 | D:3      | Gained mutation: One of your tentacles bears a spike. [potion of beneficial mutation]
  2075 | D:3      | Killed from afar by an orc wizard

Action                   |  1- 3 |  4- 6 || total
-------------------------+-------+-------++-------
Melee: Short sword       |    57 |    28 ||    85
       Spear             |    21 |       ||    21
Evoke: Wand              |       |     1 ||     1
  Use: Potion            |     6 |     1 ||     7
       Scroll            |       |     3 ||     3
 Stab: Sleeping          |    12 |     1 ||    13
       Paralysed         |       |     3 ||     3
  Eat: Chunk             |     2 |     1 ||     3
